Workbook

Sheet Sales Log
A1: Date | B1: Customer | C1: Channel | D1: Rep | E1: Product | F1: Qty | G1: Unit price | H1: Discount | I1: Total
A2: 46205 | B2: Bean There Cafe | C2: Wholesale | D2: Sara Patel | E2: House Blend, 5 lb bag | F2: 6 | G2: =IFERROR(VLOOKUP(E2,Products!$A$2:$C$50,3,FALSE),0) -> 52 | H2: =0 -> 0 | I2: =ROUND(F2*G2*(1-H2),2) -> 312
A3: 46206 | B3: Hilltop Bagels | C3: Wholesale | D3: Tom Brooks | E3: House Blend, 5 lb bag | F3: 4 | G3: =IFERROR(VLOOKUP(E3,Products!$A$2:$C$50,3,FALSE),0) -> 52 | H3: =0 -> 0 | I3: =ROUND(F3*G3*(1-H3),2) -> 208
A4: 46209 | B4: Online store | C4: Online | D4: Lena Ortiz | E4: Ethiopia Yirgacheffe, 12 oz | F4: 14 | G4: =IFERROR(VLOOKUP(E4,Products!$A$2:$C$50,3,FALSE),0) -> 18 | H4: =0 -> 0 | I4: =ROUND(F4*G4*(1-H4),2) -> 252
A5: 46214 | B5: Saturday market | C5: Market | D5: Lena Ortiz | E5: Breakfast Blend, 12 oz | F5: 22 | G5: =IFERROR(VLOOKUP(E5,Products!$A$2:$C$50,3,FALSE),0) -> 14 | H5: =0 -> 0 | I5: =ROUND(F5*G5*(1-H5),2) -> 308
A6: 46218 | B6: Union Street Bakery | C6: Wholesale | D6: Sara Patel | E6: Espresso Roast, 5 lb bag | F6: 5 | G6: =IFERROR(VLOOKUP(E6,Products!$A$2:$C$50,3,FALSE),0) -> 56 | H6: =0 -> 0 | I6: =ROUND(F6*G6*(1-H6),2) -> 280
A7: 46221 | B7: Northside Diner | C7: Wholesale | D7: Tom Brooks | E7: House Blend, 5 lb bag | F7: 8 | G7: =IFERROR(VLOOKUP(E7,Products!$A$2:$C$50,3,FALSE),0) -> 52 | H7: =0.1 -> 0.1 | I7: =ROUND(F7*G7*(1-H7),2) -> 374.4
A8: 46225 | B8: Bean There Cafe | C8: Wholesale | D8: Sara Patel | E8: Cafe mugs, case of 12 | F8: 2 | G8: =IFERROR(VLOOKUP(E8,Products!$A$2:$C$50,3,FALSE),0) -> 96 | H8: =0 -> 0 | I8: =ROUND(F8*G8*(1-H8),2) -> 192
A9: 46230 | B9: Online store | C9: Online | D9: Lena Ortiz | E9: Cold Brew Pack, 4 pouches | F9: 18 | G9: =IFERROR(VLOOKUP(E9,Products!$A$2:$C$50,3,FALSE),0) -> 22 | H9: =0 -> 0 | I9: =ROUND(F9*G9*(1-H9),2) -> 396
A10: 46235 | B10: Bean There Cafe | C10: Wholesale | D10: Sara Patel | E10: Espresso Roast, 5 lb bag | F10: 6 | G10: =IFERROR(VLOOKUP(E10,Products!$A$2:$C$50,3,FALSE),0) -> 56 | H10: =0 -> 0 | I10: =ROUND(F10*G10*(1-H10),2) -> 336
A11: 46238 | B11: Maple Corner Deli | C11: Wholesale | D11: Tom Brooks | E11: House Blend, 5 lb bag | F11: 3 | G11: =IFERROR(VLOOKUP(E11,Products!$A$2:$C$50,3,FALSE),0) -> 52 | H11: =0 -> 0 | I11: =ROUND(F11*G11*(1-H11),2) -> 156
A12: 46242 | B12: Saturday market | C12: Market | D12: Lena Ortiz | E12: Cold Brew Pack, 4 pouches | F12: 26 | G12: =IFERROR(VLOOKUP(E12,Products!$A$2:$C$50,3,FALSE),0) -> 22 | H12: =0 -> 0 | I12: =ROUND(F12*G12*(1-H12),2) -> 572
A13: 46246 | B13: Hilltop Bagels | C13: Wholesale | D13: Tom Brooks | E13: Decaf Colombia, 5 lb bag | F13: 2 | G13: =IFERROR(VLOOKUP(E13,Products!$A$2:$C$50,3,FALSE),0) -> 58 | H13: =0 -> 0 | I13: =ROUND(F13*G13*(1-H13),2) -> 116
A14: 46248 | B14: Online store | C14: Online | D14: Lena Ortiz | E14: Ethiopia Yirgacheffe, 12 oz | F14: 19 | G14: =IFERROR(VLOOKUP(E14,Products!$A$2:$C$50,3,FALSE),0) -> 18 | H14: =0.15 -> 0.15 | I14: =ROUND(F14*G14*(1-H14),2) -> 290.7
A15: 46253 | B15: Union Street Bakery | C15: Wholesale | D15: Sara Patel | E15: House Blend, 5 lb bag | F15: 5 | G15: =IFERROR(VLOOKUP(E15,Products!$A$2:$C$50,3,FALSE),0) -> 52 | H15: =0 -> 0 | I15: =ROUND(F15*G15*(1-H15),2) -> 260
A16: 46255 | B16: Northside Diner | C16: Wholesale | D16: Tom Brooks | E16: House Blend, 5 lb bag | F16: 8 | G16: =IFERROR(VLOOKUP(E16,Products!$A$2:$C$50,3,FALSE),0) -> 52 | H16: =0.1 -> 0.1 | I16: =ROUND(F16*G16*(1-H16),2) -> 374.4
A17: 46260 | B17: Union Street Bakery | C17: Wholesale | D17: Sara Patel | E17: Paper filters, case of 500 | F17: 4 | G17: =IFERROR(VLOOKUP(E17,Products!$A$2:$C$50,3,FALSE),0) -> 24 | H17: =0 -> 0 | I17: =ROUND(F17*G17*(1-H17),2) -> 96
A18: 46267 | B18: Bean There Cafe | C18: Wholesale | D18: Sara Patel | E18: Espresso Roast, 5 lb bag | F18: 7 | G18: =IFERROR(VLOOKUP(E18,Products!$A$2:$C$50,3,FALSE),0) -> 56 | H18: =0 -> 0 | I18: =ROUND(F18*G18*(1-H18),2) -> 392
A19: 46270 | B19: Saturday market | C19: Market | D19: Lena Ortiz | E19: Breakfast Blend, 12 oz | F19: 18 | G19: =IFERROR(VLOOKUP(E19,Products!$A$2:$C$50,3,FALSE),0) -> 14 | H19: =0 -> 0 | I19: =ROUND(F19*G19*(1-H19),2) -> 252
A20: 46274 | B20: Maple Corner Deli | C20: Wholesale | D20: Tom Brooks | E20: House Blend, 5 lb bag | F20: 4 | G20: =IFERROR(VLOOKUP(E20,Products!$A$2:$C$50,3,FALSE),0) -> 52 | H20: =0 -> 0 | I20: =ROUND(F20*G20*(1-H20),2) -> 208
A21: 46277 | B21: Online store | C21: Online | D21: Lena Ortiz | E21: Ethiopia Yirgacheffe, 12 oz | F21: 24 | G21: =IFERROR(VLOOKUP(E21,Products!$A$2:$C$50,3,FALSE),0) -> 18 | H21: =0 -> 0 | I21: =ROUND(F21*G21*(1-H21),2) -> 432
A22: 46281 | B22: Hilltop Bagels | C22: Wholesale | D22: Tom Brooks | E22: House Blend, 5 lb bag | F22: 5 | G22: =IFERROR(VLOOKUP(E22,Products!$A$2:$C$50,3,FALSE),0) -> 52 | H22: =0 -> 0 | I22: =ROUND(F22*G22*(1-H22),2) -> 260
A23: 46284 | B23: Northside Diner | C23: Wholesale | D23: Tom Brooks | E23: Decaf Colombia, 5 lb bag | F23: 3 | G23: =IFERROR(VLOOKUP(E23,Products!$A$2:$C$50,3,FALSE),0) -> 58 | H23: =0.1 -> 0.1 | I23: =ROUND(F23*G23*(1-H23),2) -> 156.6
A24: 46288 | B24: Online store | C24: Online | D24: Lena Ortiz | E24: Cold Brew Pack, 4 pouches | F24: 20 | G24: =IFERROR(VLOOKUP(E24,Products!$A$2:$C$50,3,FALSE),0) -> 22 | H24: =0 -> 0 | I24: =ROUND(F24*G24*(1-H24),2) -> 440
A25: 46291 | B25: Union Street Bakery | C25: Wholesale | D25: Sara Patel | E25: Espresso Roast, 5 lb bag | F25: 6 | G25: =IFERROR(VLOOKUP(E25,Products!$A$2:$C$50,3,FALSE),0) -> 56 | H25: =0 -> 0 | I25: =ROUND(F25*G25*(1-H25),2) -> 336
A26: 46295 | B26: Bean There Cafe | C26: Wholesale | D26: Sara Patel | E26: Decaf Colombia, 5 lb bag | F26: 2 | G26: =IFERROR(VLOOKUP(E26,Products!$A$2:$C$50,3,FALSE),0) -> 58 | H26: =0 -> 0 | I26: =ROUND(F26*G26*(1-H26),2) -> 116

Sheet Monthly Totals
A1: Month | B1: Sales | C1: Units | D1: Revenue | E1: Average sale | F1: Wholesale | G1: Retail and online | H1: vs last month
A2: =DATE(2026,7,1) -> 46204 | B2: =COUNTIFS('Sales Log'!A:A,">="&A2,'Sales Log'!A:A,"<="&EOMONTH(A2,0)) -> 8 | C2: =SUMIFS('Sales Log'!F:F,'Sales Log'!A:A,">="&A2,'Sales Log'!A:A,"<="&EOMONTH(A2,0)) -> 79 | D2: =SUMIFS('Sales Log'!I:I,'Sales Log'!A:A,">="&A2,'Sales Log'!A:A,"<="&EOMONTH(A2,0)) -> 2322.4 | E2: =IF(B2=0,0,D2/B2) -> 290.3 | F2: =SUMIFS('Sales Log'!I:I,'Sales Log'!A:A,">="&A2,'Sales Log'!A:A,"<="&EOMONTH(A2,0),'Sales Log'!C:C,"Wholesale") -> 1366.4 | G2: =SUMIFS('Sales Log'!I:I,'Sales Log'!A:A,">="&A2,'Sales Log'!A:A,"<="&EOMONTH(A2,0),'Sales Log'!C:C,"<>Wholesale") -> 956
A3: =DATE(2026,8,1) -> 46235 | B3: =COUNTIFS('Sales Log'!A:A,">="&A3,'Sales Log'!A:A,"<="&EOMONTH(A3,0)) -> 8 | C3: =SUMIFS('Sales Log'!F:F,'Sales Log'!A:A,">="&A3,'Sales Log'!A:A,"<="&EOMONTH(A3,0)) -> 73 | D3: =SUMIFS('Sales Log'!I:I,'Sales Log'!A:A,">="&A3,'Sales Log'!A:A,"<="&EOMONTH(A3,0)) -> 2201.1 | E3: =IF(B3=0,0,D3/B3) -> 275.1375 | F3: =SUMIFS('Sales Log'!I:I,'Sales Log'!A:A,">="&A3,'Sales Log'!A:A,"<="&EOMONTH(A3,0),'Sales Log'!C:C,"Wholesale") -> 1338.4 | G3: =SUMIFS('Sales Log'!I:I,'Sales Log'!A:A,">="&A3,'Sales Log'!A:A,"<="&EOMONTH(A3,0),'Sales Log'!C:C,"<>Wholesale") -> 862.7 | H3: =IF(D2=0,0,D3/D2-1) -> -0.052230451
A4: =DATE(2026,9,1) -> 46266 | B4: =COUNTIFS('Sales Log'!A:A,">="&A4,'Sales Log'!A:A,"<="&EOMONTH(A4,0)) -> 9 | C4: =SUMIFS('Sales Log'!F:F,'Sales Log'!A:A,">="&A4,'Sales Log'!A:A,"<="&EOMONTH(A4,0)) -> 89 | D4: =SUMIFS('Sales Log'!I:I,'Sales Log'!A:A,">="&A4,'Sales Log'!A:A,"<="&EOMONTH(A4,0)) -> 2592.6 | E4: =IF(B4=0,0,D4/B4) -> 288.06667 | F4: =SUMIFS('Sales Log'!I:I,'Sales Log'!A:A,">="&A4,'Sales Log'!A:A,"<="&EOMONTH(A4,0),'Sales Log'!C:C,"Wholesale") -> 1468.6 | G4: =SUMIFS('Sales Log'!I:I,'Sales Log'!A:A,">="&A4,'Sales Log'!A:A,"<="&EOMONTH(A4,0),'Sales Log'!C:C,"<>Wholesale") -> 1124 | H4: =IF(D3=0,0,D4/D3-1) -> 0.17786561
A5: Quarter total | B5: =SUM(B2:B4) -> 25 | C5: =SUM(C2:C4) -> 241 | D5: =SUM(D2:D4) -> 7116.1 | E5: =IF(B5=0,0,D5/B5) -> 284.644 | F5: =SUM(F2:F4) -> 4173.4 | G5: =SUM(G2:G4) -> 2942.7

Sheet Top Sellers
A1: Rank | B1: Product | C1: Units sold | D1: Revenue | E1: Share
A2: 1 | B2: =IFERROR(VLOOKUP(A2,Products!$H$2:$I$50,2,FALSE),"") -> House Blend, 5 lb bag | C2: =IFERROR(VLOOKUP(B2,Products!$A$2:$H$50,4,FALSE),0) -> 43 | D2: =IFERROR(VLOOKUP(B2,Products!$A$2:$H$50,5,FALSE),0) -> 2152.8 | E2: =IFERROR(VLOOKUP(B2,Products!$A$2:$H$50,6,FALSE),0) -> 0.30252526
A3: 2 | B3: =IFERROR(VLOOKUP(A3,Products!$H$2:$I$50,2,FALSE),"") -> Cold Brew Pack, 4 pouches | C3: =IFERROR(VLOOKUP(B3,Products!$A$2:$H$50,4,FALSE),0) -> 64 | D3: =IFERROR(VLOOKUP(B3,Products!$A$2:$H$50,5,FALSE),0) -> 1408 | E3: =IFERROR(VLOOKUP(B3,Products!$A$2:$H$50,6,FALSE),0) -> 0.19786119
A4: 3 | B4: =IFERROR(VLOOKUP(A4,Products!$H$2:$I$50,2,FALSE),"") -> Espresso Roast, 5 lb bag | C4: =IFERROR(VLOOKUP(B4,Products!$A$2:$H$50,4,FALSE),0) -> 24 | D4: =IFERROR(VLOOKUP(B4,Products!$A$2:$H$50,5,FALSE),0) -> 1344 | E4: =IFERROR(VLOOKUP(B4,Products!$A$2:$H$50,6,FALSE),0) -> 0.1888675
A5: 4 | B5: =IFERROR(VLOOKUP(A5,Products!$H$2:$I$50,2,FALSE),"") -> Ethiopia Yirgacheffe, 12 oz | C5: =IFERROR(VLOOKUP(B5,Products!$A$2:$H$50,4,FALSE),0) -> 57 | D5: =IFERROR(VLOOKUP(B5,Products!$A$2:$H$50,5,FALSE),0) -> 974.7 | E5: =IFERROR(VLOOKUP(B5,Products!$A$2:$H$50,6,FALSE),0) -> 0.13697109
A6: 5 | B6: =IFERROR(VLOOKUP(A6,Products!$H$2:$I$50,2,FALSE),"") -> Breakfast Blend, 12 oz | C6: =IFERROR(VLOOKUP(B6,Products!$A$2:$H$50,4,FALSE),0) -> 40 | D6: =IFERROR(VLOOKUP(B6,Products!$A$2:$H$50,5,FALSE),0) -> 560 | E6: =IFERROR(VLOOKUP(B6,Products!$A$2:$H$50,6,FALSE),0) -> 0.078694791

Sheet Products
A1: Product | B1: SKU | C1: Price | D1: Units sold | E1: Revenue | F1: Share | G1: Rank | H1: Rank key | I1: Name key
A2: House Blend, 5 lb bag | B2: HB-5 | C2: 52 | D2: =SUMIF('Sales Log'!E:E,A2,'Sales Log'!F:F) -> 43 | E2: =SUMIF('Sales Log'!E:E,A2,'Sales Log'!I:I) -> 2152.8 | F2: =IF(SUM($E$2:$E$9)=0,0,E2/SUM($E$2:$E$9)) -> 0.30252526 | G2: =COUNTIF($E$2:$E$9,">"&E2)+COUNTIF($E$2:E2,E2) -> 1 | H2: =G2 -> 1 | I2: =A2 -> House Blend, 5 lb bag
A3: Espresso Roast, 5 lb bag | B3: ES-5 | C3: 56 | D3: =SUMIF('Sales Log'!E:E,A3,'Sales Log'!F:F) -> 24 | E3: =SUMIF('Sales Log'!E:E,A3,'Sales Log'!I:I) -> 1344 | F3: =IF(SUM($E$2:$E$9)=0,0,E3/SUM($E$2:$E$9)) -> 0.1888675 | G3: =COUNTIF($E$2:$E$9,">"&E3)+COUNTIF($E$2:E3,E3) -> 3 | H3: =G3 -> 3 | I3: =A3 -> Espresso Roast, 5 lb bag
A4: Decaf Colombia, 5 lb bag | B4: DC-5 | C4: 58 | D4: =SUMIF('Sales Log'!E:E,A4,'Sales Log'!F:F) -> 7 | E4: =SUMIF('Sales Log'!E:E,A4,'Sales Log'!I:I) -> 388.6 | F4: =IF(SUM($E$2:$E$9)=0,0,E4/SUM($E$2:$E$9)) -> 0.054608564 | G4: =COUNTIF($E$2:$E$9,">"&E4)+COUNTIF($E$2:E4,E4) -> 6 | H4: =G4 -> 6 | I4: =A4 -> Decaf Colombia, 5 lb bag
A5: Ethiopia Yirgacheffe, 12 oz | B5: ET-12 | C5: 18 | D5: =SUMIF('Sales Log'!E:E,A5,'Sales Log'!F:F) -> 57 | E5: =SUMIF('Sales Log'!E:E,A5,'Sales Log'!I:I) -> 974.7 | F5: =IF(SUM($E$2:$E$9)=0,0,E5/SUM($E$2:$E$9)) -> 0.13697109 | G5: =COUNTIF($E$2:$E$9,">"&E5)+COUNTIF($E$2:E5,E5) -> 4 | H5: =G5 -> 4 | I5: =A5 -> Ethiopia Yirgacheffe, 12 oz
A6: Breakfast Blend, 12 oz | B6: BB-12 | C6: 14 | D6: =SUMIF('Sales Log'!E:E,A6,'Sales Log'!F:F) -> 40 | E6: =SUMIF('Sales Log'!E:E,A6,'Sales Log'!I:I) -> 560 | F6: =IF(SUM($E$2:$E$9)=0,0,E6/SUM($E$2:$E$9)) -> 0.078694791 | G6: =COUNTIF($E$2:$E$9,">"&E6)+COUNTIF($E$2:E6,E6) -> 5 | H6: =G6 -> 5 | I6: =A6 -> Breakfast Blend, 12 oz
A7: Cold Brew Pack, 4 pouches | B7: CB-4 | C7: 22 | D7: =SUMIF('Sales Log'!E:E,A7,'Sales Log'!F:F) -> 64 | E7: =SUMIF('Sales Log'!E:E,A7,'Sales Log'!I:I) -> 1408 | F7: =IF(SUM($E$2:$E$9)=0,0,E7/SUM($E$2:$E$9)) -> 0.19786119 | G7: =COUNTIF($E$2:$E$9,">"&E7)+COUNTIF($E$2:E7,E7) -> 2 | H7: =G7 -> 2 | I7: =A7 -> Cold Brew Pack, 4 pouches
A8: Cafe mugs, case of 12 | B8: MUG-12 | C8: 96 | D8: =SUMIF('Sales Log'!E:E,A8,'Sales Log'!F:F) -> 2 | E8: =SUMIF('Sales Log'!E:E,A8,'Sales Log'!I:I) -> 192 | F8: =IF(SUM($E$2:$E$9)=0,0,E8/SUM($E$2:$E$9)) -> 0.026981071 | G8: =COUNTIF($E$2:$E$9,">"&E8)+COUNTIF($E$2:E8,E8) -> 7 | H8: =G8 -> 7 | I8: =A8 -> Cafe mugs, case of 12
A9: Paper filters, case of 500 | B9: FLT-500 | C9: 24 | D9: =SUMIF('Sales Log'!E:E,A9,'Sales Log'!F:F) -> 4 | E9: =SUMIF('Sales Log'!E:E,A9,'Sales Log'!I:I) -> 96 | F9: =IF(SUM($E$2:$E$9)=0,0,E9/SUM($E$2:$E$9)) -> 0.013490536 | G9: =COUNTIF($E$2:$E$9,">"&E9)+COUNTIF($E$2:E9,E9) -> 8 | H9: =G9 -> 8 | I9: =A9 -> Paper filters, case of 500

Sheet By Rep and Channel
A1: Name | B1: Type | C1: Sales | D1: Units | E1: Revenue | F1: Average sale | G1: Share
A2: Sara Patel | B2: Rep | C2: =COUNTIF('Sales Log'!D:D,A2) -> 9 | D2: =SUMIF('Sales Log'!D:D,A2,'Sales Log'!F:F) -> 43 | E2: =SUMIF('Sales Log'!D:D,A2,'Sales Log'!I:I) -> 2320 | F2: =IF(C2=0,0,E2/C2) -> 257.77778 | G2: =IF(SUM('Sales Log'!I:I)=0,0,E2/SUM('Sales Log'!I:I)) -> 0.32602128
A3: Tom Brooks | B3: Rep | C3: =COUNTIF('Sales Log'!D:D,A3) -> 8 | D3: =SUMIF('Sales Log'!D:D,A3,'Sales Log'!F:F) -> 37 | E3: =SUMIF('Sales Log'!D:D,A3,'Sales Log'!I:I) -> 1853.4 | F3: =IF(C3=0,0,E3/C3) -> 231.675 | G3: =IF(SUM('Sales Log'!I:I)=0,0,E3/SUM('Sales Log'!I:I)) -> 0.26045165
A4: Lena Ortiz | B4: Rep | C4: =COUNTIF('Sales Log'!D:D,A4) -> 8 | D4: =SUMIF('Sales Log'!D:D,A4,'Sales Log'!F:F) -> 161 | E4: =SUMIF('Sales Log'!D:D,A4,'Sales Log'!I:I) -> 2942.7 | F4: =IF(C4=0,0,E4/C4) -> 367.8375 | G4: =IF(SUM('Sales Log'!I:I)=0,0,E4/SUM('Sales Log'!I:I)) -> 0.41352707
A5: Wholesale | B5: Channel | C5: =COUNTIF('Sales Log'!C:C,A5) -> 17 | D5: =SUMIF('Sales Log'!C:C,A5,'Sales Log'!F:F) -> 80 | E5: =SUMIF('Sales Log'!C:C,A5,'Sales Log'!I:I) -> 4173.4 | F5: =IF(C5=0,0,E5/C5) -> 245.49412 | G5: =IF(SUM('Sales Log'!I:I)=0,0,E5/SUM('Sales Log'!I:I)) -> 0.58647293
A6: Online | B6: Channel | C6: =COUNTIF('Sales Log'!C:C,A6) -> 5 | D6: =SUMIF('Sales Log'!C:C,A6,'Sales Log'!F:F) -> 95 | E6: =SUMIF('Sales Log'!C:C,A6,'Sales Log'!I:I) -> 1810.7 | F6: =IF(C6=0,0,E6/C6) -> 362.14 | G6: =IF(SUM('Sales Log'!I:I)=0,0,E6/SUM('Sales Log'!I:I)) -> 0.25445117
A7: Market | B7: Channel | C7: =COUNTIF('Sales Log'!C:C,A7) -> 3 | D7: =SUMIF('Sales Log'!C:C,A7,'Sales Log'!F:F) -> 66 | E7: =SUMIF('Sales Log'!C:C,A7,'Sales Log'!I:I) -> 1132 | F7: =IF(C7=0,0,E7/C7) -> 377.33333 | G7: =IF(SUM('Sales Log'!I:I)=0,0,E7/SUM('Sales Log'!I:I)) -> 0.1590759
